 Dungeon Crawl Stone Soup version 0.24.0-1-gfbc8707 (webtiles) character file.

Game seed: 12118467356176169315, levelgen mode: deterministic

28 bonscott the Grasshopper (level 3, -1/31 HPs)
             Began as a Gnoll Warper on Nov 4, 2019.
             Succumbed to a kobold's poison
             ... on level 2 of the Dungeon.
             The game lasted 00:02:53 (1229 turns).

bonscott the Grasshopper (Gnoll Warper)             Turns: 1229, Time: 00:02:53

Health: -1/31      AC:  3    Str: 14    XL:     3   Next: 14%
Magic:  9/9        EV: 14    Int: 15    God:
Gold:   57         SH:  0    Dex: 14    Spells: 12/12 levels left

rFire    . . .     SeeInvis .   a - +0 falchion
rCold    . . .     Gourm    .   (no shield)
rNeg     . . .     Faith    .   b - +0 leather armour
rPois    .         Spirit   .   (no helmet)
rElec    .         Reflect  .   (no cloak)
rCorr    .         Harm     .   (no gloves)
MR       .....                  (no boots)
Stlth    +.........             (no amulet)
HPRegen  0.10/turn              (no ring)
MPRegen  0.11/turn              (no ring)

@: lethally poisoned (-1 -> -30), hasted, very quick
A: distributed training, fangs 1, strong nose
a: no special abilities


You were on level 2 of the Dungeon.
You were not hungry.

You visited 1 branch of the dungeon, and saw 2 of its levels.

You collected 57 gold pieces.

Inventory:

Hand Weapons
 a - a +0 falchion (weapon)
Missiles
 e - 5 boomerangs of dispersal
 h - 18 arrows
 j - 31 stones (quivered)
Armour
 b - a +0 leather armour (worn)
Jewellery
 n - an uncursed ring of fire {unknown}
Scrolls
 c - a scroll of identify {unknown}
 d - a scroll of blinking
Potions
 i - a potion of mutation {unknown}
 k - a potion of lignification {unknown}
 l - a potion of brilliance {unknown}
Comestibles
 f - 4 rations
 m - 2 chunks of flesh


   Skills:
 + Level 4.5 Fighting
 + Level 0.6 Short Blades
 + Level 4.5 Long Blades
 + Level 0.6 Axes
 + Level 0.6 Maces & Flails
 + Level 0.6 Polearms
 + Level 0.6 Staves
 + Level 0.6 Slings
 + Level 0.6 Bows
 + Level 0.6 Crossbows
 + Level 2.5 Throwing
 + Level 2.5 Armour
 + Level 4.5 Dodging
 + Level 0.6 Stealth
 + Level 0.6 Shields
 + Level 0.6 Unarmed Combat
 + Level 5.0 Spellcasting
 + Level 0.4 Conjurations
 + Level 0.4 Hexes
 + Level 0.4 Charms
 + Level 0.4 Summonings
 + Level 0.4 Necromancy
 + Level 5.4 Translocations
 + Level 0.4 Transmutations
 + Level 0.4 Fire Magic
 + Level 0.4 Ice Magic
 + Level 0.4 Air Magic
 + Level 0.4 Earth Magic
 + Level 0.4 Poison Magic
 + Level 0.8 Invocations
 + Level 0.6 Evocations


You had 12 spell levels left.
You didn't know any spells.
Your spell library contained the following spells:

 Spells                   Type           Power        Failure   Level  Hunger
 Blink                    Tloc           N/A          3%          2    ##.....
 Gell's Gravitas          Tloc           ###.......   7%          3    ###....
 Lesser Beckoning         Tloc           ###.......   7%          3    ###....
 Teleport Other           Tloc           ###.....     7%          3    ###....
 Shroud of Golubria       Chrm/Tloc      ##....       9%          2    ##.....
 Passage of Golubria      Tloc           N/A          22%         4    ####...


Dungeon Overview and Level Annotations

Branches:
Dungeon (2/15)

Altars:


Innate Abilities, Weirdness & Mutations

Your experience applies equally to all skills.
You have very sharp teeth.
Your uncanny sense of smell can sniff out nearby items.


Message History

The giant cockroach is moderately wounded.
You feel sick.
The giant cockroach completely misses you.
You riposte.
You hit the giant cockroach.
The giant cockroach is severely wounded.
The kobold hits you with a +3 short sword of venom.
* * * LOW HITPOINT WARNING * * *
You are more poisoned.
You miss the kobold.
* * * LOW HITPOINT WARNING * * *
You feel very sick. The giant cockroach closely misses you.
The kobold misses you.
You riposte.
You hit the kobold but do no damage. You bite the kobold, but do no damage.
* * * LOW HITPOINT WARNING * * *
You feel very sick.
The giant cockroach bites you but does no damage.
* * * LOW HITPOINT WARNING * * *
You feel sick. The giant cockroach closely misses you.
It was a potion of haste.
You feel yourself speed up.
You die...

.# .# .# .### . ...
.##### ##########.#
......####......@sK.#
#..[.....#.######..#
##....#.......# #..#
.##..#.#..#.#.# #..#
###.#._.#...#.# #..#
#..#.#....#.# #..#
#...#...#.#.# #...
###.......#.#.. ...#
............### ####


You could see a giant cockroach and a kobold.

Vanquished Creatures
  A dart slug (D:1)
  A giant cockroach (D:2)
  2 hobgoblins (D:1)
  5 kobolds
  A quokka (D:2)
  6 bats
  A frilled lizard (D:1)
  5 goblins
  4 rats
26 creatures vanquished.

Notes
Turn   | Place    | Note
-------+----------+-------------------------------------------
     0 | D:1      | bonscott the Gnoll Warper began the quest for the Orb.
     0 | D:1      | Reached XP level 1. HP: 20/20 MP: 6/6
   229 | D:1      | Reached XP level 2. HP: 19/26 MP: 7/7
  1085 | D:2      | Reached XP level 3. HP: 31/31 MP: 9/9
  1104 | D:2      | Reached skill level 5 in Spellcasting
  1202 | D:2      | Found a faded altar of an unknown god.
  1228 | D:2      | HP: 1/31 [poisoned by a kobold]
  1229 | D:2      | Succumbed to a kobold's poison

Levels and vault maps discovered:
D:1:      ncdulo_halloftheorcs, layout_loops_ring, minmay_strange_pillars
D:2:      layout_basic, chequers_ecumenical_altar_simple_redux,
          minmay_diced_spiral, uniq_jessica, uniq_terence

Skill      XL: |  1  2  3 |
---------------+----------+-----
Spellcasting   | 5 |  5.0
Fighting       | |  4.5
Short Blades   | |  0.6
Long Blades    | |  4.5
Axes           | |  0.6
Maces & Flails | |  0.6
Polearms       | |  0.6
Staves         | |  0.6
Slings         | |  0.6
Bows           | |  0.6
Crossbows      | |  0.6
Throwing       | |  2.5
Armour         | |  2.5
Dodging        | |  4.5
Stealth        | |  0.6
Shields        | |  0.6
Unarmed Combat | |  0.6
Conjurations   | |  0.4
Hexes          | |  0.4
Charms         | |  0.4
Summonings     | |  0.4
Necromancy     | |  0.4
Translocations | |  5.4
Transmutations | |  0.4
Fire Magic     | |  0.4
Ice Magic      | |  0.4
Air Magic      | |  0.4
Earth Magic    | |  0.4
Poison Magic   | |  0.4
Invocations    | |  0.8
Evocations     | |  0.6

Action                   || total
-------------------------++-------
Melee: Falchion          ||    74
       Bite              ||    11
  Use: Potion            ||     1
  Eat: Chunk             ||     1
Armor: Leather armour    ||    25
Dodge: Dodged            ||    77
       Rpst.: Falchion   ||    28
